AoeStats
← Pinhead Larry

Arena

510460467Analyzed
3v3 RM · 2d ago on Oct 1, 2026· 59m 42s· 6 players
Game mode
Random Map
Map size
Normal (6 player)
Population
200
Speed
Normal
Resources
Standard
Victory
Conquest
Starting age
Dark Age
Ending age
Imperial Age
RankedLock teamsTeams togetherTeam positionsShared explorationLock speedFull tech treeHidden civsTurbo modeCheats
Victory
Defeat
🇵🇪 Malians · Peru
1126
+18
🇨🇱 Mapuche · Chile
1086
+19
🇨🇱 Cumans · Chile
1085
+20
1195
-20
🇲🇽 Bulgarians · Mexico
1156
-19
🇲🇽 Britons · Mexico
1142
-18
AdamSvp21
10:02 Feudal Age
13:59 Castle Age
17:40 Loom
19:22 Double-Bit Axe
19:30 Loom
21:33 Town Watch
21:45 Fletching
25:46 Wheelbarrow
26:56 Forging
27:28 Scale Mail Armor
31:01 Imperial Age
30:09 Iron Casting
30:30 Chain Mail Armor
31:48 Squires
32:56 Chemistry
33:36 Treadmill Crane
33:50 Heavy Camel Rider
34:41 Bodkin Arrow
37:09 Conscription
37:06 Scale Barding Armor
38:17 Chain Barding Armor
38:28 Bloodlines
40:13 Hoardings
39:37 Murder Holes
42:09 Plate Barding Armor
41:58 Ballistics
42:21 Cavalier
44:23 Hand Cart
44:11 Town Patrol
44:50 Husbandry
45:09 Fortified Wall
47:00 Gold Mining
47:01 Stone Mining
47:22 Bow Saw
46:53 Horse Collar
47:27 Masonry
48:12 Hoardings
47:43 Capped Ram
50:32 Plate Mail Armor
50:05 Farimba
50:08 Padded Archer Armor
50:33 Elite Gbeto
52:39 Leather Archer Armor
52:56 Architecture
55:31 Ring Archer Armor
55:20 Light Cavalry
57:45 Fervor
57:55 Sanctity
57:51 Block Printing
57:32 Herbal Medicine
59:41 Theocracy
59:04 Onager
60:04 Tigui
diego02041989
10:21 Feudal Age
10:56 Double-Bit Axe
11:05 Gold Mining
23:47 Horse Collar
25:10 Wheelbarrow
28:48 Castle Age
30:18 Hand Cart
35:59 Heavy Plow
38:34 Imperial Age
36:21 Bow Saw
38:01 Gold Shaft Mining
37:17 Stone Mining
40:46 Crop Rotation
41:19 Two-Man Saw
40:40 Steppe Husbandry
41:02 Conscription
41:36 Forging
41:31 Scale Barding Armor
41:42 Bloodlines
40:57 Elite Steppe Lancer
43:03 Iron Casting
44:38 Chain Barding Armor
46:47 Blast Furnace
53:37 Plate Barding Armor
56:10 Hoardings
57:32 Caravan
58:02 Coinage
57:42 Guilds
Paquesito
10:55 Feudal Age
13:14 Double-Bit Axe
15:28 Champi Runner
16:21 Forging
18:13 Horse Collar
24:51 Castle Age
26:18 Bow Saw
27:10 Wheelbarrow
29:59 Imperial Age
27:36 Heavy Plow
27:15 Champi Warrior
30:41 Arson
31:00 Scale Mail Armor
33:08 Iron Casting
32:48 Chain Mail Armor
33:18 Conscription
33:55 Hand Cart
34:46 Butalmapu
34:36 Loom
35:35 Town Watch
35:43 Elite Kona
38:38 Blast Furnace
40:32 Gold Mining
40:34 Stone Mining
41:39 Town Patrol
42:44 Elite Champi Warrior
43:56 Chain Mail Armor
44:39 Pikeman
45:51 Plate Mail Armor
45:15 Halberdier
47:04 Fletching
52:01 Bodkin Arrow
Picador Criminal Mutilador
10:59 Feudal Age
12:13 Loom
14:30 Horse Collar
14:36 Double-Bit Axe
23:33 Castle Age
22:10 Wheelbarrow
21:21 Town Watch
23:05 Bloodlines
23:07 Forging
23:02 Scale Barding Armor
23:06 Gold Mining
25:18 Iron Casting
25:03 Chain Barding Armor
25:38 Fletching
26:26 Hand Cart
27:44 Masonry
28:38 Bodkin Arrow
28:58 Light Cavalry
30:27 Ballistics
30:29 Town Patrol
30:50 Bow Saw
30:44 Heavy Plow
31:53 Gold Shaft Mining
31:08 Stone Mining
35:47 Imperial Age
35:42 Padded Archer Armor
36:06 Thumb Ring
35:23 Crossbowman
37:01 Leather Archer Armor
36:13 Elite Skirmisher
36:21 Cavalier
36:22 Hussar
36:28 Pikeman
37:08 Squires
36:54 Arson
37:44 Coinage
38:20 Blast Furnace
37:55 Plate Barding Armor
37:50 Conscription
37:33 Steppe Husbandry
38:42 Ring Archer Armor
38:16 Scale Mail Armor
38:53 Hoardings
38:17 Murder Holes
39:28 Banking
39:05 Paladin
41:51 Chemistry
42:40 Crop Rotation
43:35 Chain Mail Armor
46:06 Caravan
46:17 Guilds
47:12 Two-Man Saw
51:12 Cuman Mercenaries
Pinhead Larry
0:27 Loom
11:30 Feudal Age
18:10 Castle Age
17:25 Scale Mail Armor
17:36 Forging
21:05 Squires
41:32 Loom
42:23 Wheelbarrow
41:33 Town Watch
43:47 Hand Cart
44:32 Husbandry
53:38 Bloodlines
52:49 Light Cavalry
56:29 Imperial Age
54:18 Town Patrol
54:55 Murder Holes
55:22 Ballistics
Kuriboh
10:34 Feudal Age
16:06 Castle Age
16:39 Stone Mining
19:10 Horse Collar
28:30 Town Watch
29:09 Heavy Plow
29:08 Double-Bit Axe
30:11 Fortified Wall
31:02 Ballistics
30:36 Fletching
31:08 Padded Archer Armor
32:25 Murder Holes
34:01 Wheelbarrow
37:42 Imperial Age
35:35 Masonry
35:27 Bodkin Arrow
36:04 Bow Saw
37:14 Hand Cart
37:08 Town Patrol
37:28 Leather Archer Armor
38:25 Yeomen
38:11 Gold Mining
39:02 Conscription
39:08 Elite Longbowman
40:38 Husbandry
41:32 Bracer
41:43 Forging
42:51 Siege Engineers
43:56 Chemistry
43:37 Gold Shaft Mining
43:18 Pikeman
46:52 Cavalier
52:33 Scale Mail Armor
53:09 Iron Casting
53:26 Halberdier
54:07 Squires
53:53 Gambesons
Connection lost

Rejoining the realm…

Still unreachable

The connection could not be restored.

Session expired

The server has moved on; the page needs a fresh start.